 Dungeon Crawl Stone Soup version 0.29-a0-1047-g7c58e119a4 (webtiles) character file.

Game seed: 2406277100286194314

44 nickcage the Poker (level 3, -2/27 HPs)
             Began as a Merfolk Gladiator on Aug 16, 2022.
             Splashed by a jelly's acid (4 damage)
             ... on level 3 of the Dungeon.
             The game lasted 00:02:54 (1688 turns).

nickcage the Poker (Merfolk Gladiator)              Turns: 1688, Time: 00:02:55

Health: -2/27      AC:  6    Str: 16    XL:     3   Next: 60%
Magic:  3/3        EV: 13    Int:  7    God:
Gold:   134        SH:  0    Dex: 15    Spells: 2/2 levels left

rFire   . . .      SeeInvis .   a - +0 trident
rCold   . . .      Faith    .   (no shield)
rNeg    . . .      Spirit   .   b - +0 leather armour
rPois   .          Reflect  .   c - +0 helmet
rElec   .          Harm     .   (no cloak)
rCorr   .          Rampage  .   j - +0 pair of gloves
Will    .....                   q - +0 pair of boots
Stlth   +.........              (no amulet)
HPRegen 0.09/turn               (no ring)
MPRegen 0.08/turn               (no ring)

@: no status effects
A: (nimble swimmer 2), mertail
a: no special abilities


You were on level 3 of the Dungeon.
You visited 1 branch of the dungeon, and saw 3 of its levels.

You collected 134 gold pieces.

Inventory:

Hand Weapons
 a - a +0 trident (weapon)
Missiles
 d - 3 throwing nets
 e - a javelin
 g - 6 poisoned darts
 h - 3 boomerangs (quivered)
Armour
 b - a +0 leather armour (worn)
 c - a +0 helmet (worn)
 j - a +0 pair of gloves (worn)
 q - a +0 pair of boots (worn)
Wands
 s - a wand of digging (3)
Scrolls
 f - a scroll of silence {unknown}
 i - a scroll of teleportation {unknown}
 k - a scroll of immolation {unknown}
 m - 3 scrolls of identify {unknown}
 o - 2 scrolls of fear {unknown}
 u - a scroll of enchant armour {unknown}
Potions
 l - a potion of degeneration {unknown}
 n - a potion of curing {unknown}
 p - a potion of heal wounds {unknown}
 r - a potion of berserk rage {unknown}
 t - 2 potions of lignification {unknown}


   Skills:
 - Level 2.1 Fighting
 + Level 6.0 Polearms
 - Level 2.0 Throwing
 - Level 4.0 Dodging


You had 2 spell levels left.
You didn't know any spells.
Your spell library was empty.

Dungeon Overview and Level Annotations

Branches:
Dungeon (3/15)

Altars:
Ashenzari


Innate Abilities, Weirdness & Mutations

((You are very nimble when in or above water. (Stealth+, EV+, Speed+++)))
Your lower body shifts to a powerful aquatic tail in water.


Message History

You reach to attack!
You puncture the ball python!
You kill the ball python!
Your Polearms skill increases to level 6!
No target in view!
No target in view!
You see here a ball python corpse.
You now have 113 gold pieces (gained 10).
Found a stone staircase leading down.
A frilled lizard comes into view.
The frilled lizard hisses angrily.
You see here 11 gold pieces.
You reach to attack!
You hit the frilled lizard.
You kill the frilled lizard!
No target in view!
You now have 124 gold pieces (gained 11).
You see here a frilled lizard corpse.
There is a stone staircase leading down here.
Found a whip.
You now have 134 gold pieces (gained 10).
A jelly comes into view.
The jelly quivers.
Found a broken altar of Ashenzari.
You reach to attack!
You hit the jelly but do no damage. You hit the jelly.
Your hands burn!
The jelly is lightly wounded.
The jelly hits you but does no damage.
You hit the jelly.
Your hands burn!
The jelly is lightly wounded.
The jelly hits you but does no damage.
You hit the jelly.
Your hands burn!
The jelly is moderately wounded.
The jelly closely misses you.
You hit the jelly.
Your hands burn!
The jelly is heavily wounded.
The jelly hits you.
You are splashed with acid!
* * * LOW HITPOINT WARNING * * *
You are too injured to fight recklessly!
You are too injured to fight recklessly!
You hit the jelly.
Your hands burn!
You die...

########
#.........
..........
...###.$..
#..#####_##
#..###..... ...
#J........
....##@#..##.#
..............##.
....###..........
.. ###..##....
#..# #. #..#
...####..# ....
.........# ....
.#.####.##


You could see a jelly.

Vanquished Creatures
  A worm (D:2)
  3 bats (D:1)
  4 endoplasms
  4 giant cockroaches (D:1)
  A goblin (D:2)
  3 hobgoblins
  3 jackals (D:1)
  4 kobolds (D:1)
  2 quokkas
  3 ball pythons
  2 frilled lizards
  6 rats
36 creatures vanquished.

Notes
Turn   | Place    | Note
-------+----------+-------------------------------------------
     0 | D:1      | nickcage the Merfolk Gladiator began the quest for the Orb.
     0 | D:1      | Reached XP level 1. HP: 16/16 MP: 1/1
    82 | D:1      | Reached XP level 2. HP: 20/22 MP: 2/2
   188 | D:1      | Reached skill level 5 in Polearms
   307 | D:1      | Noticed a floating eye
   309 | D:1      | Found a faded altar of an unknown god.
   311 | D:1      | Noticed a shining eye
   311 | D:1      | Noticed an eye of devastation
   311 | D:1      | Noticed a floating eye
   518 | D:1      | Reached XP level 3. HP: 27/27 MP: 3/3
  1604 | D:3      | Reached skill level 6 in Polearms
  1681 | D:3      | Found a broken altar of Ashenzari.
  1688 | D:3      | Splashed by a jelly's acid

Illustrated notes

Levels and vault maps discovered:
D:1:      dpeg_arrival_rooms_with_view, layout_basic,
          hellmonk_ecumenical_altar_watching_god, moated_statue,
          serial_bayou_crossing
D:2:      layout_basic
D:3:      layout_loops_ring, cheibrodos_ashenzari_chains, lemuel_round_altar,
          serial_shops, shop, minmay_rat_hole, uniq_robin

Skill      XL: |  1  2  3 |
---------------+----------+-----
Polearms       | 5 6 |  6.0
Fighting       | |  2.1
Throwing       | |  2.0
Dodging        | |  4.0

Action                   || total
-------------------------++-------
Melee: Trident           ||   110
       Punch             ||     2
Throw: Boomerang         ||     4
 Stab: Sleeping          ||     3
Armor: Leather armour    ||    18
Dodge: Dodged            ||    55

Table legend: (Time is in decaauts)
 A = Elapsed time spent in this place.
 B = Non-inter-level travel time spent in this place.
 C = Inter-level travel time spent in this place.
 D = Time resting spent in this place.
 E = Time spent auto-exploring this place.
 F = Levels seen in this place.
 G = Mean time per level.
                   A        B        C        D        E       F      G
               +--------+--------+--------+--------+--------+-----+--------+
         Total |   1685 |   1638 |     47 |      0 |   1375 |   3 |  561.7 |
       Dungeon |   1685 |   1638 |     47 |      0 |   1375 |   3 |  561.7 |
               +--------+--------+--------+--------+--------+-----+--------+

Top non-repeatable levels by time:
     D:2: 841 daAuts
     D:1: 728 daAuts
     D:3: 116 daAuts
